 Dungeon Crawl Stone Soup version 0.31.0-11-ge490571c62 (webtiles) character file.

Game seed: 2483444547212502520

877 H0rd4k the Trooper (level 8, 0/67 HPs)
             Began as a Human Artificer on Feb 8, 2024.
             Was an Initiate of Gozag.
             Slain by a centaur (4 damage)
             ... on level 6 of the Dungeon.
             The game lasted 00:05:45 (5937 turns).

H0rd4k the Trooper (Human Artificer)                Turns: 5937, Time: 00:05:46

Health: 0/67       AC:  3    Str: 18 (19) XL:     8   Next: 4%
Magic:  8/8        EV: 11    Int: 12 (13) God:    Gozag
Gold:   370        SH:  0    Dex: 11 (14) Spells: 7/7 levels left

rFire   . . .        q - +0 dagger (venom)
rCold   . . .        (no shield)
rNeg    . . .        b - +0 leather armour
rPois   .            (no helmet)
rElec   .            (no cloak)
rCorr   .            (no gloves)
SInv    +            (no boots)
Will    +....        (no amulet)
Stlth   +            j - ring of see invisible
HPRegen 0.31/turn    g - +6 ring of strength
MPRegen 0.11/turn

%: no passive effects
@: enlightened, flying
A: explore regen
a: Renounce Religion, Potion Petition, Call Merchant, Bribe Branch


You were on level 6 of the Dungeon.
You worshipped Gozag.
Gozag was aware of your devotion.
You visited 2 branches of the dungeon, and saw 7 of its levels.

You collected 416 gold pieces.
You paid 46 gold pieces to Gozag.

Inventory:

Hand Weapons
 p - the +5 woodcutter's axe
   (You found it on level 2 of the Dungeon)
 q - a +0 dagger of venom (weapon)
Missiles
 m - 5 curare-tipped darts
 u - 4 atropa-tipped darts
Armour
 b - a +0 leather armour (worn)
Jewellery
 g - a +6 ring of strength (right hand)
 j - a ring of see invisible (left hand)
 o - a ring of protection from fire
Talismans
 y - a blade talisman
Wands
 c - a wand of flame (6) (quivered)
 d - a wand of charming (12)
 e - a wand of iceblast (7)
 s - a wand of mindburst (13)
 D - a wand of paralysis (8)
Scrolls
 a - 6 scrolls of noise {unknown}
 i - 5 scrolls of teleportation {unknown}
 l - a scroll of poison {unknown}
 n - a scroll of vulnerability {unknown}
 r - 2 scrolls of enchant armour {unknown}
 v - a scroll of identify {unknown}
 w - a scroll of revelation {unknown}
 x - 2 scrolls of immolation {unknown}
 C - a scroll of enchant weapon {unknown}
Potions
 f - a potion of degeneration
 h - a potion of cancellation {unknown}
 k - 2 potions of enlightenment
 t - a potion of mutation {unknown}
 z - 2 potions of resistance {unknown}
 A - a potion of might {unknown}
 B - a potion of curing {unknown}


   Skills:
 + Level 7.6 Fighting
 + Level 4.3 Short Blades
 - Level 2.0 Armour
 - Level 1.0 Dodging
 - Level 1.0 Stealth
 - Level 3.0 Evocations


You had 7 spell levels left.
You didn't know any spells.
Your spell library contained the following spells:

 Spells                   Type           Power      Damage    Failure   Level
 Jinxbite                 Hex            0%         N/A       52%         2
 Static Discharge         Conj/Air       0%         3-3/arc   52%         2
 Inner Flame              Hex/Fire       0%         N/A       75%         3
 Airstrike                Air            0%         2d(0-16)  98%         4
 Flame Wave               Conj/Fire      0%         2d4       98%         4
 Sticky Flame             Fire/Alch      0%         2d4       98%         4
 Summon Lightning Spire   Summ/Air       0%         N/A       98%         4
 Yara's Violent Unravell  Hex/Alch       0%         3d3       100%        5
 Enfeeble                 Hex            0%         N/A       100%        7


Dungeon Overview and Level Annotations

Branches:
Dungeon (6/15)             Temple (1/1) D:4

Altars:
Ashenzari
Cheibriados
Dithmenos
Elyvilon
Fedhas
Gozag
Hepliaklqana
Kikubaaqudgha
Makhleb
Nemelex Xobeh
Okawaru
Qazlal
Ru
Sif Muna
Trog
Vehumet
Wu Jian
Xom
Yredelemnul
The Shining One


Innate Abilities, Weirdness & Mutations

You regain HP and MP as you explore.


Message History

* * * LOW HITPOINT WARNING * * *
The centaur closely misses you.
You hit the centaur but do no damage.
The centaur is poisoned.
The centaur closely misses you. The centaur kicks you.
* * * LOW HITPOINT WARNING * * *
You hit the centaur.
The centaur looks as sick as possible!
The centaur is lightly wounded.
The centaur misses you. The centaur kicks you.
* * * LOW HITPOINT WARNING * * *
You hit the centaur but do no damage.
The centaur looks as sick as possible!
The centaur is heavily wounded.
The centaur barely misses you. x2
You hit the centaur but do no damage.
The centaur looks as sick as possible!
The centaur is severely wounded.
The centaur hits you.
* * * LOW HITPOINT WARNING * * *
The centaur barely misses you.
You hit the centaur but do no damage.
The centaur looks as sick as possible!
The centaur is severely wounded.
The centaur hits you.
* * * LOW HITPOINT WARNING * * *
The centaur kicks you but does no damage.
The centaur hits you but does no damage.
The centaur kicks you.
* * * LOW HITPOINT WARNING * * *
It was a potion of enlightenment.
You feel very buoyant.
You fly up into the air.
The centaur hits you but does no damage.
The centaur kicks you.
* * * LOW HITPOINT WARNING * * *
It was a potion of degeneration.
There was something very wrong with that liquid.
You feel weakened.
You feel dopey.
You feel clumsy.
The centaur hits you but does no damage.
The centaur kicks you.
* * * LOW HITPOINT WARNING * * *
The centaur hits you.
You die...
Your body crumbles into a pile of gold.

#.##............## #..
#.............# ..
#....#..#####.#
.#######.#....#.....#
.......#.#.#.##.########
.......#.#.......).....#
?......#.#.####.#####.##
.?.....#..$..##.....#.#
.......#@..#.######...#
#..$...c.....)..# #####
#......#...######
#.######...# #####


You could see a centaur (extremely poisoned).

Vanquished Creatures
  Eustachio (D:5)
  Duvessa (D:5)
  A scorpion (D:5)
  A gnoll sergeant (D:6)
  Dowan (D:5)
  2 bombardier beetles
  A jelly (D:5)
  3 hounds
  2 iguanas
  A sleepcap (D:4)
  An orc wizard (D:3)
  4 gnolls
  3 adders (D:2)
  2 ufetubi (D:5)
  4 dart slugs
  A ribbon worm (D:2)
  13 orcs
  4 bats
  6 endoplasms
  2 giant cockroaches
  8 goblins
  10 hobgoblins
  7 kobolds
  A quokka (D:3)
  7 ball pythons
  5 frilled lizards
  3 rats (D:1)
95 creatures vanquished.

Vanquished Creatures (collateral kills)
  A goblin (D:2)
1 creature vanquished.

Vanquished Creatures (others)
  A goblin (D:2)
  A hobgoblin (D:2)
2 creatures vanquished.

Grand Total: 98 creatures vanquished

Notes
Turn   | Place    | Note
-------+----------+-------------------------------------------
     0 | D:1      | H0rd4k the Human Artificer began the quest for the Orb.
     0 | D:1      | Reached XP level 1. HP: 15/15 MP: 1/1
   178 | D:1      | Reached skill level 2 in Fighting
   178 | D:1      | Reached XP level 2. HP: 22/22 MP: 2/2
   519 | D:1      | Found a faded altar of an unknown god.
   813 | D:2      | Reached skill level 3 in Fighting
   813 | D:2      | Reached XP level 3. HP: 27/29 MP: 3/3
  1171 | D:2      | Found the +5 woodcutter's axe
  1715 | D:2      | Reached XP level 4. HP: 28/37 MP: 4/4
  2211 | D:2      | Reached skill level 4 in Fighting
  2342 | D:3      | Reached XP level 5. HP: 43/43 MP: 5/5
  2392 | D:3      | Reached skill level 1 in Short Blades
  3205 | D:4      | Found a staircase to the Ecumenical Temple.
  3228 | Temple   | Entered the Ecumenical Temple
  3247 | Temple   | Became a worshipper of Gozag Ym Sagoz the Greedy
  3283 | D:4      | Found a sparkling altar of Nemelex Xobeh.
  3316 | D:4      | Reached skill level 5 in Fighting
  3720 | D:4      | Reached XP level 6. HP: 32/51 MP: 6/6
  4217 | D:5      | Entered Level 5 of the Dungeon
  4290 | D:5      | Noticed Duvessa
  4296 | D:5      | Killed Duvessa
  4298 | D:5      | Noticed Dowan
  4305 | D:5      | Killed Dowan
  4306 | D:5      | Reached skill level 6 in Fighting
  4315 | D:5      | Reached XP level 7. HP: 18/58 MP: 7/7
  4874 | D:5      | Noticed Eustachio
  4890 | D:5      | Killed Eustachio
  4891 | D:5      | Reached skill level 7 in Fighting
  5847 | D:6      | Reached XP level 8. HP: 64/67 MP: 8/8
  5937 | D:6      | Slain by a centaur

Illustrated notes

Levels and vault maps discovered:
D:1:      scummos_arrival_simple_fountains, layout_basic,
          chequers_ecumenical_altar_twisty
D:2:      cheibrodos_greedy_goblins, layout_basic, hex_tiny,
          dreamdust_princess_corridor, corexii_leaking_fountain
D:3:      layout_basic
D:4:      layout_loops_ring, mainiacjoe_overflow_brackets,
          minmay_temple_entry_overgrown, minmay_crystal_water, st_stairs_1
D:5:      layout_basic, uniq_duvessa, uniq_eustachio
D:6:      due_chaos_kobolds, layout_basic, uniq_jeremiah
Temple:   compressed_dpeg_triangle_lava_temple

Skill      XL: |  1  2  3  4  5  6  7 |
---------------+----------------------+-----
Fighting       | 2 3 4 5 6 7 |  7.6
Short Blades   | 1 2 4 |  4.3
Armour         | |  2.0
Dodging        | |  1.0
Stealth        | |  1.0
Evocations     | |  3.0

Action                     |  1- 3 |  4- 6 |  7- 9 || total
---------------------------+-------+-------+-------++-------
  Melee: Club              |    80 |       |       ||    80
         Punch             |     4 |     2 |     2 ||     8
         Mace              |    63 |       |       ||    63
         Dagger            |     8 |   178 |    92 ||   278
  Evoke: Wand              |     7 |     5 |     5 ||    17
    Use: Potion            |       |       |     2 ||     2
   Stab: Sleeping          |     3 |     2 |       ||     5
         Distracted        |       |       |     1 ||     1
 Armour: Leather armour    |   118 |   104 |    69 ||   291
  Dodge: Dodged            |   106 |    90 |    63 ||   259
